 Dungeon Crawl Stone Soup version 0.22.2-1-ge965b3a (webtiles) character file.

23 Leeroy the Slasher (level 2, -3/24 HPs)
             Began as a Draconian Skald on Jan 1, 2019.
             Slain by a gnoll
             ... wielding a +0 halberd
              (13 damage)
             ... on level 2 of the Dungeon on Apr 11, 2019.
             The game lasted 00:05:19 (990 turns).

Leeroy the Slasher (Draconian Skald)                 Turns: 990, Time: 00:05:20

Health: -3/24      AC:  4    Str: 13    XL:     2   Next: 75%
Magic:  5/5        EV: 12    Int: 13    God:
Gold:   43         SH:  0    Dex: 10    Spells: 4/5 levels left

rFire    . . .     SeeInvis .   a - +0 falchion
rCold    . . .     Gourm    .   (no shield)
rNeg     . . .     Faith    .   (armour unavailable)
rPois    .         Spirit   .   (helmet restricted)
rElec    .         Reflect  .   (no cloak)
rCorr    .         Harm     .   (no gloves)
MR       .....                  (no boots)
Stlth    +.........             (no amulet)
HPRegen  0.08/turn              (no ring)
MPRegen  0.09/turn              (no ring)

@: no status effects
A: unfitting armour, cold-blooded, AC +4
a: no special abilities


You were on level 2 of the Dungeon.
You were not hungry.

You visited 1 branch of the dungeon, and saw 2 of its levels.

You collected 43 gold pieces.

Inventory:

Hand Weapons
 a - a +0 falchion (weapon)
 g - a +0 dagger
 o - a +0 short sword
 t - a +2 vampiric dagger
Missiles
 l - 15 poisoned needles
 p - 21 stones (quivered)
Armour
 e - a +2 helmet
Jewellery
 f - an uncursed ring of stealth {unknown}
 h - an uncursed ring of flight {unknown}
 v - an uncursed ring of protection from cold {unknown}
Scrolls
 d - a scroll of immolation {unknown}
 i - a scroll of remove curse {unknown}
 j - a scroll of enchant armour {unknown}
 m - a scroll of enchant weapon {unknown}
 n - 2 scrolls of teleportation {unknown}
 q - 2 scrolls of identify {unknown}
 r - a scroll of fog {unknown}
Potions
 b - a potion of haste {unknown}
 k - a potion of mutation {unknown}
 u - 2 potions of resistance {unknown}
Comestibles
 c - a ration


   Skills:
 - Level 2.1 Fighting
 + Level 3.3 Long Blades
 - Level 2.1 Dodging
 - Level 2.0 Spellcasting
 - Level 2.6 Charms


You had 4 spell levels left.
You knew the following spells:

 Your Spells              Type           Power        Failure   Level  Hunger
a - Infusion              Chrm           #...         9%          1    ##.....

Your spell library contained the following spells:

 Spells                   Type           Power        Failure   Level  Hunger
 Song of Slaying          Chrm           #.......     13%         2    ###....
 Shroud of Golubria       Chrm/Tloc      #.........   22%         2    ###....
 Regeneration             Chrm/Necr      #.........   41%         3    ####...
 Spectral Weapon          Hex/Chrm       #.......     41%         3    ####...


Dungeon Overview and Level Annotations

Branches:
Dungeon (1/15)

Altars:
Yredelemnul


Innate Abilities, Weirdness & Mutations

Your plain brown scales are hard. (AC +4)
You cannot fit into any form of body armour.
You are cold-blooded and may be slowed by cold attacks.


Message History

You hit the bat.
You kill the bat!
The gnoll closely misses you. The adder closely misses you.
You riposte.
You miss the adder. You tail-slap the adder.
The adder is lightly wounded.
You closely miss the adder. You tail-slap the adder.
The adder is heavily wounded.
The adder bites you but does no damage.
The gnoll hits you from afar with a halberd.
You barely miss the adder.
The adder is heavily wounded.
The adder bites you. The gnoll closely misses you. The adder bites you.
The gnoll misses you.
You hit the adder.
Your tail-slap misses the adder.
The adder is heavily wounded.
The adder barely misses you.
You riposte.
You hit the adder.
The adder is almost dead.
The gnoll hits you from afar with a halberd!
Ouch! That really hurt!
You die...

## ..# # #.# +#
#. #.# ... #.#
#.# ....
##..##.# .....
#......##gg....
#..@SJg....
#..##g.....
#.###.## .....
#.....# ....
#####.# ... #.#
#+# #.# #.#
#.#######.#
#.......#.##


You could see 4 gnolls, an ooze and an adder.

Vanquished Creatures
  A leopard gecko (D:1)
  A giant cockroach (D:2)
  4 goblins (D:1)
  A hobgoblin (D:2)
  3 kobolds (D:1)
  4 bats
  3 frilled lizards (D:1)
  8 rats
25 creatures vanquished.

Notes
Turn   | Place    | Note
-------+----------+-------------------------------------------
     0 | D:1      | Leeroy the Draconian Skald began the quest for the Orb.
     0 | D:1      | Reached XP level 1. HP: 17/17 MP: 3/3
   568 | D:1      | Reached XP level 2. HP: 24/24 MP: 5/5
   682 | D:1      | Reached skill level 3 in Long Blades
   762 | D:1      | You fall through a shaft!
   787 | D:2      | Upgraded the game from 0.22.1-2-g9c5b331 to
                  | 0.22.2-1-ge965b3a
   836 | D:2      | Found a basalt altar of Yredelemnul.
   990 | D:2      | Slain by a gnoll

Skill      XL: |  1  2 |
---------------+-------+-----
Long Blades    | 3 |  3.3
Fighting       | |  2.1
Dodging        | |  2.1
Spellcasting   | |  2.0
Charms         | |  2.6

Action                   || total
-------------------------++-------
Melee: Falchion          ||    52
       Tailslap          ||     5
 Cast: Infusion          ||     1
 Stab: Sleeping          ||     1
Armor: Skin              ||    15
Dodge: Dodged            ||    31
       Rpst.: Falchion   ||    11
